 Dungeon Crawl Stone Soup version 0.26.0-20-g3ca415f5b8 (webtiles) character file.

Game seed: 1729235100314503841

53 Granthy the Grasshopper (level 3, -3/31 HPs)
             Began as a Gnoll Warper on Jan 24, 2021.
             Slain by a gnoll (7 damage)
             ... on level 2 of the Dungeon.
             The game lasted 00:01:41 (1823 turns).

Granthy the Grasshopper (Gnoll Warper)              Turns: 1823, Time: 00:01:41

Health: -3/31      AC:  3    Str: 14    XL:     3   Next: 87%
Magic:  9/9        EV: 14    Int: 15    God:
Gold:   77         SH:  0    Dex: 14    Spells: 12/12 levels left

rFire    . . .     SeeInvis .   m - +0 war axe
rCold    . . .     Faith    .   (no shield)
rNeg     . . .     Spirit   .   b - +0 leather armour
rPois    .         Reflect  .   (no helmet)
rElec    .         Harm     .   (no cloak)
rCorr    .         Rampage  .   (no gloves)
Will     .....                  (no boots)
Stlth    +.........             (no amulet)
HPRegen  0.10/turn              (no ring)
MPRegen  0.11/turn              (no ring)

@: no status effects
A: distributed training, fangs 1, strong nose
a: no special abilities


You were on level 2 of the Dungeon.
You visited 1 branch of the dungeon, and saw 2 of its levels.

You collected 77 gold pieces.

Inventory:

Hand Weapons
 a - a +0 hand axe
 m - a +0 war axe (weapon)
Missiles
 e - 8 boomerangs of dispersal (quivered)
 i - a throwing net
Armour
 b - a +0 leather armour (worn)
Jewellery
 l - an uncursed ring of poison resistance {unknown}
 n - an uncursed amulet of magic regeneration {unknown}
Scrolls
 c - a scroll of immolation {unknown}
 d - a scroll of blinking
 f - 2 scrolls of identify {unknown}
 g - a scroll of fear {unknown}
 h - a scroll of magic mapping {unknown}
 k - a scroll of noise {unknown}
Potions
 j - 2 potions of curing {unknown}


   Skills:
 + Level 4.6 Fighting
 + Level 1.0 Short Blades
 + Level 1.0 Long Blades
 + Level 4.6 Axes
 + Level 1.0 Maces & Flails
 + Level 1.0 Polearms
 + Level 1.0 Staves
 + Level 1.0 Slings
 + Level 1.0 Bows
 + Level 1.0 Crossbows
 + Level 2.6 Throwing
 + Level 2.6 Armour
 + Level 4.6 Dodging
 + Level 1.0 Stealth
 + Level 1.0 Shields
 + Level 1.0 Unarmed Combat
 + Level 5.0 Spellcasting
 + Level 0.7 Conjurations
 + Level 0.7 Hexes
 + Level 0.7 Summonings
 + Level 0.7 Necromancy
 + Level 5.4 Translocations
 + Level 0.7 Transmutations
 + Level 0.7 Fire Magic
 + Level 0.7 Ice Magic
 + Level 0.7 Air Magic
 + Level 0.7 Earth Magic
 + Level 0.7 Poison Magic
 + Level 1.0 Invocations
 + Level 1.0 Evocations


You had 12 spell levels left.
You didn't know any spells.
Your spell library contained the following spells:

 Spells                   Type           Power        Failure   Level
 Blink                    Tloc           N/A          3%          2
 Gell's Gravitas          Tloc           10%          6%          3
 Lesser Beckoning         Tloc           10%          6%          3
 Teleport Other           Tloc           20%          6%          3
 Foxfire                  Conj/Fire      20%          16%         1
 Passage of Golubria      Tloc           N/A          22%         4
 Cause Fear               Hex            2%           83%         4
 Dragon Form              Tmut           2%           100%        7
 Dragon's Call            Summ           2%           100%        9


Dungeon Overview and Level Annotations

Branches:
Dungeon (2/15)

Altars:


Innate Abilities, Weirdness & Mutations

Your experience applies equally to all skills.
You have very sharp teeth.
Your uncanny sense of smell can sniff out nearby items.


Message History

Your Shields skill increases to level 1!
Your Unarmed Combat skill increases to level 1!
Your Evocations skill increases to level 1!
A gnoll comes into view.
A bat comes into view.
The gnoll misses you. The jackal misses you.
A jackal comes into view.
The gnoll moves out of view.
The bat moves out of view.
Things that are here:
a +0 spear; a gnoll corpse The jackal barks! x2
You slash the gnoll!
The gnoll is severely wounded.
You barely miss the jackal.
You hear a shout!
The jackal bites you. The gnoll barely misses you.
The jackal completely misses you.
The gnoll hits you with a +0 vorpal spear.
* * * LOW HITPOINT WARNING * * *
x2 The gnoll hits you!
You die...

#.# #.......#
#.####.......#
#..>.........#
######.......#
## #.......#
###≈ #.......#
##≈≈≈
#######..###
#≈≈≈≈
...###g.......##
#≈≈≈≈
..h.h.h@.......#
#≈≈≈≈
.....#g######..#
#≈≈≈≈ ... #g ..#
#≈≈≈≈ b∆ .. ....
##≈≈≈ .## .....
###≈ ## #.#.##
## ∆ .#


You could see 3 gnolls, 3 jackals and a bat.

Vanquished Creatures
  A gnoll (D:2)
  An adder (D:2)
  2 oozes (D:1)
  A worm (D:2)
  A ball python (D:2)
  2 goblins (D:1)
  4 hobgoblins
  A quokka (D:2)
  2 bats (D:1)
  A frilled lizard (D:2)
  5 kobolds
  4 rats
25 creatures vanquished.

Notes
Turn   | Place    | Note
-------+----------+-------------------------------------------
     0 | D:1      | Granthy the Gnoll Warper began the quest for the Orb.
     0 | D:1      | Reached XP level 1. HP: 20/20 MP: 6/6
   328 | D:1      | Reached XP level 2. HP: 17/26 MP: 7/7
  1318 | D:2      | Reached XP level 3. HP: 28/31 MP: 9/9
  1329 | D:2      | Reached skill level 5 in Spellcasting
  1528 | D:2      | Reached skill level 1 in Invocations
  1822 | D:2      | Reached skill level 1 in Short Blades
  1822 | D:2      | Reached skill level 1 in Long Blades
  1822 | D:2      | Reached skill level 1 in Maces & Flails
  1822 | D:2      | Reached skill level 1 in Polearms
  1822 | D:2      | Reached skill level 1 in Staves
  1822 | D:2      | Reached skill level 1 in Slings
  1822 | D:2      | Reached skill level 1 in Bows
  1822 | D:2      | Reached skill level 1 in Crossbows
  1822 | D:2      | Reached skill level 1 in Stealth
  1822 | D:2      | Reached skill level 1 in Shields
  1822 | D:2      | Reached skill level 1 in Unarmed Combat
  1822 | D:2      | Reached skill level 1 in Evocations
  1823 | D:2      | Slain by a gnoll

Illustrated notes

Levels and vault maps discovered:
D:1:      evilmike_arrival_rings, layout_loops_corners
D:2:      layout_loops_ring, lemuel_round_altar, nicolae_underground_beach

Skill      XL: |  1  2  3 |
---------------+----------+-----
Spellcasting   | 5 |  5.0
Invocations    | 1 |  1.0
Short Blades   | 1 |  1.0
Long Blades    | 1 |  1.0
Maces & Flails | 1 |  1.0
Polearms       | 1 |  1.0
Staves         | 1 |  1.0
Slings         | 1 |  1.0
Bows           | 1 |  1.0
Crossbows      | 1 |  1.0
Stealth        | 1 |  1.0
Shields        | 1 |  1.0
Unarmed Combat | 1 |  1.0
Evocations     | 1 |  1.0
Fighting       | |  4.6
Axes           | |  4.6
Throwing       | |  2.6
Armour         | |  2.6
Dodging        | |  4.6
Conjurations   | |  0.7
Hexes          | |  0.7
Summonings     | |  0.7
Necromancy     | |  0.7
Translocations | |  5.4
Transmutations | |  0.7
Fire Magic     | |  0.7
Ice Magic      | |  0.7
Air Magic      | |  0.7
Earth Magic    | |  0.7
Poison Magic   | |  0.7

Action                   || total
-------------------------++-------
Melee: Hand axe          ||    40
       Bite              ||     7
       War axe           ||    45
       Punch             ||     1
Armor: Leather armour    ||    26
Dodge: Dodged            ||    63
